 Dungeon Crawl Stone Soup version 0.29-a0-344-ge2f44be95a (webtiles) character file.

Game seed: 15866465832711545171

507 Morbidden the Chopper (level 6, -1/48 HPs)
             Began as a Demonspawn Fighter on Apr 20, 2022.
             Slain by an ogre
             ... wielding a +0 giant spiked club
              (11 damage)
             ... on level 5 of the Dungeon.
             The game lasted 00:05:15 (4309 turns).

Morbidden the Chopper (Demonspawn Fighter)          Turns: 4309, Time: 00:05:16

Health: -1/48      AC: 12    Str: 17    XL:     6   Next: 97%
Magic:  6/6        EV:  6    Int: 11    God:
Gold:   144        SH:  4    Dex: 12    Spells: 2/5 levels left

rFire   . . .      SeeInvis +   a - +0 war axe
rCold   + . .      Faith    .   c - +0 buckler
rNeg    . . .      Spirit   .   m - +0 plate armour
rPois   .          Reflect  .   (no helmet)
rElec   .          Harm     .   (no cloak)
rCorr   .          Rampage  .   (no gloves)
Will    .....                   (boots unavailable)
Stlth   ..........              x - amulet of magic regeneration
HPRegen 0.16/turn               l - ring of protection from cold
MPRegen 0.50/turn               u - ring of see invisible

@: no status effects
A: hooves 3, sturdy frame 1
a: no special abilities


You were on level 5 of the Dungeon.
You visited 1 branch of the dungeon, and saw 5 of its levels.

You collected 144 gold pieces.

Inventory:

Hand Weapons
 a - a +0 war axe (weapon)
 p - a +0 morningstar
Armour
 c - a +0 buckler (worn)
 m - a +0 plate armour (worn)
Magical Staves
 h - a staff of conjuration
Jewellery
 b - a ring of protection from cold
 l - a ring of protection from cold (left hand)
 u - a ring of see invisible (right hand)
 w - a +6 ring of intelligence
 x - an amulet of magic regeneration (around neck)
Scrolls
 e - a scroll of teleportation
 j - a scroll of blinking {unknown}
 k - a scroll of noise {unknown}
 n - a scroll of amnesia {unknown}
 r - a scroll of fog {unknown}
 v - a scroll of immolation {unknown}
Potions
 d - a potion of might
 f - a potion of attraction
 g - 2 potions of heal wounds
 i - a potion of cancellation
 o - a potion of berserk rage
 q - a potion of magic
 s - a potion of curing
 t - a potion of invisibility {unknown}


   Skills:
 + Level 3.8 Fighting
 + Level 4.7 Axes
 + Level 4.4 Armour
 + Level 1.5 Dodging
 + Level 0.1 Stealth
 + Level 3.3 Shields


You had 2 spell levels left.
You knew the following spells:

 Your Spells              Type           Power      Damage    Failure   Level
a - Vampiric Draining     Necr           0%         2d6       100%        3

Your spell library contained the following spells:

 Spells                   Type           Power      Damage    Failure   Level
 Slow                     Hex            0%         N/A       100%        1
 Confusing Touch          Hex            0%         N/A       100%        3


Dungeon Overview and Level Annotations

Branches:
Dungeon (5/15)
 Temple: D:4-7

Altars:
Uskayaw
Zin

Annotations:
D:2 Sigmund


Innate Abilities, Weirdness & Mutations

You have hooves in place of feet.
Your movements are slightly less encumbered by armour. (ER -2)


Message History

Your Dodging skill increases to level 1!
Done exploring.
No target in view!
Key pressed, stopping explore.
No target in view!
Done exploring.
No target in view!
Done exploring.
Done exploring.
There's nothing to open nearby.
There is a stone staircase leading down here.
You climb downwards.
The ogre shouts!
Found a stone staircase leading down.
There is a stone staircase leading up here.
An ogre is nearby!
Unknown command.
You barely miss the ogre. You kick the ogre.
The ogre is lightly wounded.
The ogre hits you with a +0 giant spiked club.
A hound comes into view.
You hit the ogre. Your kick misses the ogre.
The ogre is lightly wounded.
The ogre hits you with a +0 giant spiked club.
You hit the ogre. You kick the ogre.
The ogre is moderately wounded.
The ogre hits you with a +0 giant spiked club!
You hit the ogre. You kick the ogre!
The ogre is severely wounded.
You hit the scorpion but do no damage. The scorpion completely misses you.
The ogre hits you with a +0 giant spiked club!
* * * LOW HITPOINT WARNING * * *
You block the hound's attack.
You are too injured to fight recklessly!
Unknown command.
The scorpion attacks as you move away!
The scorpion stings you but does no damage.
The ogre attacks as you move away!
The ogre hits you with a +0 giant spiked club!
You die...

. ##S##..... #.W#
........... ## ##.#
#.........##
..####..###..........
.........#....##W...
....S##.#.....>....
.....#.....#......#
.....#.........sOh##
.......##.##....@..##
...#....####........#
...###.## #...<#.###
..? ... #....#.# ...
..#....#.#### #..
.###..## ..# ##


You could see an ogre, a phantom, a scorpion and a hound.

Vanquished Creatures
  A necrophage (D:4)
  2 scorpions (D:4)
  A howler monkey (D:4)
  A hound (D:4)
  3 jellies
  A gnoll (D:5)
  6 adders
  An ufetubus (D:5)
  3 worms
  3 dart slugs
  6 orcs
  5 ball pythons
  4 endoplasms
  3 giant cockroaches
  4 goblins
  6 hobgoblins
  4 jackals
  4 quokkas
  5 bats
  3 frilled lizards
  8 kobolds
  8 rats
82 creatures vanquished.

Notes
Turn   | Place    | Note
-------+----------+-------------------------------------------
     0 | D:1      | Morbidden the Demonspawn Fighter began the quest for the
                  | Orb.
     0 | D:1      | Reached XP level 1. HP: 18/18 MP: 1/1
   239 | D:1      | Gained mutation: You have large cloven feet. [demonic
                  | ancestry]
   239 | D:1      | Reached XP level 2. HP: 24/24 MP: 2/2
   638 | D:1      | Gained mutation: You have hoof-like feet. [demonic
                  | ancestry]
   638 | D:1      | Reached XP level 3. HP: 24/27 MP: 3/3
   920 | D:2      | Found a faded altar of an unknown god.
  1076 | D:2      | Noticed Sigmund
  1710 | D:2      | Gained mutation: You have hooves in place of feet. [demonic
                  | ancestry]
  1710 | D:2      | Reached XP level 4. HP: 35/35 MP: 4/4
  2855 | D:4      | Noticed a +0 hand axe
  2855 | D:4      | Noticed a +0 dagger
  2855 | D:4      | Found a hide-covered altar of Uskayaw.
  2966 | D:4      | Gained mutation: Your movements are slightly less
                  | encumbered by armour. (ER -2) [demonic ancestry]
  2966 | D:4      | Reached XP level 5. HP: 41/41 MP: 5/5
  3375 | D:4      | Noticed a black bear
  3394 | D:5      | Entered Level 5 of the Dungeon
  3394 | D:5      | Noticed a phantom
  3408 | D:5      | Noticed a black bear
  3456 | D:5      | Reached XP level 6. HP: 44/48 MP: 6/6
  4121 | D:4      | Learned a level 3 spell: Vampiric Draining
  4224 | D:4      | Reached skill level 1 in Dodging
  4309 | D:5      | Slain by an ogre

Illustrated notes

Levels and vault maps discovered:
D:1:      sevenhm_arrival_forest_fort_small_3, layout_rooms, minmay_pentomino_u4
D:2:      layout_loops_cross, dreamdust_ecumenical_altar_statues, uniq_sigmund
D:3:      layout_rooms, due_unseen_surprise
D:4:      layout_cave_pools, dancing_weapons_uskayaw
D:5:      layout_cave_pools, pdpol_temple_overflow_zin_treasury_gozag_greed,
          minmay_misc_feat_rugged

Skill      XL: |  1  2  3  4  5  6 |
---------------+-------------------+-----
Axes           | 2 3 4 |  4.7
Armour         | 3 4 |  4.4
Shields        | 3 |  3.3
Dodging        | 1 |  1.5
Fighting       | |  3.8
Stealth        | |  0.1

Action                   |  1- 3 |  4- 6 || total
-------------------------+-------+-------++-------
Melee: War axe           |    90 |   118 ||   208
       Kick              |    15 |    31 ||    46
  Use: Scroll            |     3 |     3 ||     6
       Potion            |     3 |     4 ||     7
Armor: Scale mail        |    19 |       ||    19
       Plate armour      |    60 |   100 ||   160
       Skin              |       |     7 ||     7
Dodge: Dodged            |    33 |    36 ||    69
Block: Buckler           |    27 |    30 ||    57

Table legend: (Time is in decaauts)
 A = Elapsed time spent in this place.
 B = Non-inter-level travel time spent in this place.
 C = Inter-level travel time spent in this place.
 D = Time resting spent in this place.
 E = Time spent auto-exploring this place.
 F = Levels seen in this place.
 G = Mean time per level.
                   A        B        C        D        E       F      G
               +--------+--------+--------+--------+--------+-----+--------+
         Total |   4394 |   4264 |    130 |   1327 |   2116 |   5 |  878.8 |
       Dungeon |   4394 |   4264 |    130 |   1327 |   2116 |   5 |  878.8 |
               +--------+--------+--------+--------+--------+-----+--------+

Top non-repeatable levels by time:
     D:1: 1687 daAuts
     D:4: 1313 daAuts
     D:2: 688 daAuts
     D:3: 537 daAuts
     D:5: 168 daAuts
